 Dungeon Crawl Stone Soup version 0.29.1-4-g47bece8355 (webtiles) character file.

Game seed: 10235159340375254818

28 melkoren the Stinger (level 3, -1/28 HPs)
             Began as a Naga Venom Mage on Dec 9, 2022.
             Slain by an adder (2 damage)
             ... on level 2 of the Dungeon.
             The game lasted 00:06:09 (1541 turns).

melkoren the Stinger (Naga Venom Mage)              Turns: 1541, Time: 00:06:09

Health: -1/28      AC:  2    Str: 10 (12) XL:     3   Next: 12%
Magic:  0/6        EV:  9    Int: 12 (15) God:
Gold:   80         SH:  0    Dex:  9 (11) Spells: 5/6 levels left

rFire   + . .      SeeInvis +   g - +0 dagger
rCold   + . .      Faith    .   (no shield)
rNeg    . . .      Spirit   +   a - +0 robe
rPois   +          Reflect  .   (no helmet)
rElec   +          Harm     .   (no cloak)
rCorr   +          Rampage  .   (no gloves)
Will    .....                   (no barding)
Stlth   ++........              d - amulet of guardian spirit
HPRegen 0.09/turn               (no ring)
MPRegen 0.10/turn               (no ring)

@: lethally poisoned (-1 -> -2), short of breath, resistant, very slow
A: AC +1, large, see invisible, deformed body, poison resistance, slowness 2,
spit poison 1, naga tail 1
a: Spit Poison


You were on level 2 of the Dungeon.
You visited 1 branch of the dungeon, and saw 2 of its levels.

You collected 80 gold pieces.

Inventory:

Hand Weapons
 g - a +0 dagger (weapon)
Missiles
 e - 5 stones
Armour
 a - a +0 robe (worn)
Jewellery
 d - an amulet of guardian spirit (around neck)
Potions
 b - a potion of magic


   Skills:
 - Level 1.8 Dodging
 + Level 3.6 Stealth
 + Level 2.3 Spellcasting
 - Level 1.4 Transmutations
 + Level 4.3 Poison Magic


You had 5 spell levels left.
You knew the following spells:

 Your Spells              Type           Power      Damage    Failure   Level
a - Sting                 Tmut/Pois      32%        1d4       9%          1

Your spell library contained the following spells:

 Spells                   Type           Power      Damage    Failure   Level
 Poisonous Vapours        Pois/Air       12%        N/A       16%         2
 Sandblast                Erth           2%         2d4       26%         1
 Passwall                 Tmut/Erth      2%         N/A       30%         2
 Mephitic Cloud           Conj/Pois/Air  4%         N/A       41%         3
 Olgreb's Toxic Radiance  Pois           11%        N/A       41%         4
 Stone Arrow              Conj/Erth      2%         3d7       61%         3


Dungeon Overview and Level Annotations

Branches:
Dungeon (2/15)

Altars:


Innate Abilities, Weirdness & Mutations

Your serpentine skin is tough. (AC +1)
You have supernaturally acute eyesight. (SInv)
Armour fits poorly on your strangely shaped body.
Your system is resistant to poisons. (rPois)
You cover ground very slowly.
You can spit poison.
You have a snake-like lower body.


Message History

The adder attacks as you move away! The adder bites you.
* * * LOW HITPOINT WARNING * * *
You feel very sick. The goblin hits you with a +0 club.
* * * LOW HITPOINT WARNING * * *
You are too injured to fight recklessly!
Okay, then.
It was a potion of resistance.
You feel protected.
* * * LOW HITPOINT WARNING * * *
You feel sick. The adder closely misses you.
The goblin hits you but does no damage. The adder closely misses you.
You aren't carrying any scrolls.
Okay, then.
Aiming: Sting (safe; 9% risk of failure)
Press: ? - help, Q - select action, (/) - cycle Shift-Dir - straight line, f/p - adder
Aim: an adder (48% to hit)
The sting misses the adder.
* * * LOW HITPOINT WARNING * * *
You feel sick. The goblin hits you but does no damage.
The adder bites you but does no damage.
Unknown command.
Unknown command.
You don't have enough magic to cast this spell.
Unknown command.
Unknown command.
Aiming: Spit Poison (2% risk of failure)
Press: ? - help, Shift-Dir - straight line, f/p - adder
Aim: an adder (37% to hit)
The splash of poison hits the adder!
The adder is poisoned.
The adder is severely wounded.
* * * LOW HITPOINT WARNING * * *
You feel sick.
You kill the goblin!
The adder bites you.
* * * LOW HITPOINT WARNING * * *
Found 2 potions of degeneration.
* * * LOW HITPOINT WARNING * * *
You feel sick. The adder bites you.
You die...

.....#...#####. #....
#....#..g.... #....
#.##..##### #....
#.........# ##...
##.....##+######...
#.....#......##...
#..)..#......##...
#.....#.......#...
##@S...#...........
.!..........'.).........
............#......#....
....$.......#......#....
............#.>....#....
#........###########....
#.#.###### #.... #.#.
#####


You could see an adder (poisoned).

Vanquished Creatures
  A dart slug (D:1)
  3 ball pythons (D:1)
  2 bats
  3 endoplasms
  7 goblins
  A hobgoblin (D:1)
  3 kobolds (D:1)
  3 frilled lizards (D:1)
  2 rats (D:1)
25 creatures vanquished.

Notes
Turn   | Place    | Note
-------+----------+-------------------------------------------
     0 | D:1      | melkoren the Naga Venom Mage began the quest for the Orb.
     0 | D:1      | Reached XP level 1. HP: 15/15 MP: 3/3
   399 | D:1      | Reached XP level 2. HP: 22/22 MP: 3/5
  1443 | D:2      | Reached XP level 3. HP: 27/28 MP: 4/6
  1541 | D:2      | HP: 1/28 [poisoned by an adder]
  1541 | D:2      | Slain by an adder

Illustrated notes

Levels and vault maps discovered:
D:1:      beargit_arrival_greenhouse, layout_basic
D:2:      layout_basic, hellmonk_ecumenical_altar_inner_sanctum

Action                   || total
-------------------------++-------
Melee: Unarmed           ||     6
       Dagger            ||     1
 Cast: Sting             ||    34
 Abil: Spit Poison       ||     2
  Use: Potion            ||     4
Armor: Robe              ||    12
Dodge: Dodged            ||    23
